 Dungeon Crawl Stone Soup version 0.31-a0-543-geaa9c7a2c0 (webtiles) character file.

Game seed: 9817904124826825663

16 Ethylacetat the Insei (level 2, 0/20 HPs)
             Began as an Octopode Gladiator on Aug 15, 2023.
             Slain by a jackal (3 damage)
             ... on level 1 of the Dungeon.
             The game lasted 00:00:21 (172 turns).

Ethylacetat the Insei (Octopode Gladiator)           Turns: 172, Time: 00:00:21

Health: 0/20       AC:  1    Str: 13    XL:     2   Next: 58%
Magic:  2/2        EV: 14    Int: 10    God:
Gold:   26         SH:  0    Dex: 13    Spells: 1/1 levels left

rFire   . .          .
                       - Unarmed
rCold   . . .        (no shield)
rNeg    . . .        a - +0 hat
rPois   .            (no amulet)
rElec   .            (no ring)
rCorr   .            (no ring)
SInv    .            (no ring)
Will    .....        (no ring)
Stlth   ++           (no ring)
HPRegen 0.23/turn    (no ring)
MPRegen 0.08/turn    (no ring)
                     (no ring)

%: no passive effects
@: no status effects
A: almost no armour, amphibious, 8 rings, camouflage 1, gelatinous body 1,
(nimble swimmer 1), tentacles
a: no special abilities


You were on level 1 of the Dungeon.
You visited 1 branch of the dungeon, and saw 1 of its levels.

You collected 26 gold pieces.

Inventory:

Missiles
 b - 3 throwing nets (quivered)
 c - 4 javelins
Armour
 a - a +0 hat (worn)
Scrolls
 d - a scroll of enchant weapon {unknown}
Potions
 e - a potion of invisibility {unknown}


   Skills:
 + Level 2.4 Fighting
 - Level 2.0 Throwing
 + Level 3.2 Dodging
 + Level 3.2 Unarmed Combat


You had one spell level left.
You didn't know any spells.
Your spell library was empty.

Dungeon Overview and Level Annotations

Branches:
Dungeon (1/15)

Altars:


Innate Abilities, Weirdness & Mutations

You cannot wear most types of armour.
You are amphibious.
You can wear up to eight rings at the same time.
Your skin changes colour to match your surroundings (Stealth+).
Your rubbery body absorbs attacks. (AC +1, EV +1)
((You are camouflaged when in or above water. (Stealth+)))
You have tentacles for arms and can constrict up to eight enemies at once.


Message History

You closely miss the jackal. You grab the jackal.
The jackal is severely wounded.
You constrict the jackal.
You kill the jackal!
The rat closely misses you. The jackal closely misses you.
You tentacle-slap the jackal.
You kill the jackal!
The rat completely misses you.
You tentacle-slap the dart slug. You grab the dart slug.
You squeeze the dart slug.
The dart slug is severely wounded.
You constrict the dart slug.
The jackal bites you but does no damage.
The rat bites you. The jackal bites you.
You are too injured to fight recklessly!
You are too injured to fight recklessly!
You are too injured to fight recklessly!
You are too injured to fight recklessly!
You tentacle-slap the dart slug.
The dart slug is almost dead.
You constrict the dart slug.
You kill the dart slug!
The jackal misses you. The rat completely misses you.
The jackal barely misses you.
You tentacle-slap the rat but do no damage.
You grab the rat. You squeeze the rat.
You kill the rat!
The jackal closely misses you. The jackal bites you. x2
* * * LOW HITPOINT WARNING * * *
You tentacle-slap the jackal. Your grab misses the jackal.
The jackal is moderately wounded.
The jackal bites you.
* * * LOW HITPOINT WARNING * * *
The jackal barely misses you. The jackal misses you.
You tentacle-slap the jackal.
You kill the jackal!
The jackal bites you.
* * * LOW HITPOINT WARNING * * *
The jackal bites you.
You die...

#######..+..
.........#.
..........#+###
...............
#.........>....
#..........#.# .
#.......†h...#.$
......†@.......
...............
####..........#
#...........
#.........##
####...........
#..........##.#
#..........# .#
#..........##


You could see a jackal.

Vanquished Creatures
  A dart slug (D:1)
  A bat (D:1)
  A giant cockroach (D:1)
  7 jackals (D:1)
  A ball python (D:1)
  A kobold (D:1)
  2 rats (D:1)
14 creatures vanquished.

Notes
Turn   | Place    | Note
-------+----------+-------------------------------------------
     0 | D:1      | Ethylacetat the Octopode Gladiator began the quest for the
                  | Orb.
     0 | D:1      | Reached XP level 1. HP: 14/14 MP: 1/1
    85 | D:1      | Reached XP level 2. HP: 19/19 MP: 2/2
   172 | D:1      | Slain by a jackal

Illustrated notes

Levels and vault maps discovered:
D:1:      matt_arrival_grand_opening, layout_basic

Action                     || total
---------------------------++-------
  Melee: Unarmed           ||    29
         Constrict         ||     8
         Tentacles         ||     2
         Punch             ||     1
 Armour: Skin              ||     5
  Dodge: Dodged            ||    29

Table legend: (Time is in decaauts)
 A = Elapsed time spent in this place.
 B = Non-inter-level travel time spent in this place.
 C = Inter-level travel time spent in this place.
 D = Time resting spent in this place.
 E = Time spent auto-exploring this place.
 F = Levels seen in this place.
 G = Mean time per level.
                   A        B        C        D        E       F      G
               +--------+--------+--------+--------+--------+-----+--------+
         Total |    170 |    170 |      0 |      0 |    117 |   1 |  170.0 |
       Dungeon |    170 |    170 |      0 |      0 |    117 |   1 |  170.0 |
               +--------+--------+--------+--------+--------+-----+--------+

Top non-repeatable levels by time:
     D:1: 170 daAuts
